[Event "ICC tourney 2606 (40 5)"]
[Site "Internet Chess Club"]
[Date "2021.06.12"]
[Round "2"]
[White "LU, MAXIMILLIAN:K12-14732597"]
[Black "CHEN, BENJAMINLJ:K12-14811886"]
[Result "1-0"]
[ICCResult "Black resigns"]
[WhiteElo "2430"]
[BlackElo "2192"]
[Opening "English opening"]
[ECO "A15"]
[NIC "EO.64"]
[Time "14:00:54"]
[PlyCount "79"]
[TimeControl "2400+5"]

1. c4 Nf6 2. Nf3 e6 3. b3 d5 4. Bb2 Be7 5. g3 O-O 6. Bg2 b6 7. O-O Bb7 8.
cxd5 Bxd5 9. Nc3 Bb7 10. d4 Nbd7 11. Qc2 c5 12. Rfd1 cxd4 13. Nxd4 Bxg2 14.
Kxg2 Qc7 15. Ncb5 Qxc2 16. Nxc2 a6 17. Nd6 Nc5 18. f3 Rfd8 19. Nc4 b5 20.
Na5 Rxd1 21. Rxd1 Rd8 22. Nd4 Rd7 23. Rc1 h6 24. Ndc6 Bf8 25. Bd4 Nb7 26.
Nxb7 Rxb7 27. Ne5 Nd5 28. e4 Rc7 29. Rxc7 Nxc7 30. Bb6 Ne8 31. Nd7 Bb4 32.
Nb8 Bd6 33. Nxa6 f5 34. Bc5 fxe4 35. fxe4 Be5 36. Nb4 Kf7 37. Nc6 Bc7 38.
e5 h5 39. Kf3 g5 40. h3 { Black resigns } 1-0

[Event "ICC tourney 2606 (40 5)"]
[Site "Internet Chess Club"]
[Date "2021.06.12"]
[Round "2"]
[White "LEVKOV, DANIEL:K12-14218690"]
[Black "NATHAN,  KAPIL:K12-15120535"]
[Result "1-0"]
[ICCResult "Black resigns"]
[WhiteElo "2159"]
[BlackElo "1394"]
[Opening "French: Réti (Spielmann) variation"]
[ECO "C00"]
[NIC "FR.01"]
[Time "14:04:31"]
[PlyCount "77"]
[TimeControl "2400+5"]

1. e4 e6 2. b3 d5 3. Bb2 dxe4 4. Nc3 Nf6 5. Qe2 Bb4 6. O-O-O Qe7 7. Nxe4
Nbd7 8. g4 Nxe4 9. Qxe4 Nf6 10. Qc4 Qc5 11. Qxc5 Bxc5 12. d4 Be7 13. Be2 c6
14. c4 Bd7 15. Bf3 Rc8 16. g5 Ng8 17. h4 f6 18. Nh3 Kf7 19. Kb1 Bd6 20.
Rhg1 Ne7 21. Bh5+ Ng6 22. f3 f5 23. Nf2 Rhe8 24. Nd3 Rcd8 25. Rge1 Bg3 26.
Re2 Bd6 27. Kc2 b5 28. Red2 a5 29. Ne5+ Bxe5 30. dxe5 Re7 31. Bd4 Bc8 32.
Bb6 Rxd2+ 33. Rxd2 bxc4 34. bxc4 a4 35. Rd6 Kf8 36. Rxc6 Bb7 37. Rd6 Bc8
38. Bc5 Kg8 39. Rd8+ { Black resigns } 1-0

[Event "ICC tourney 2606 (40 5)"]
[Site "Internet Chess Club"]
[Date "2021.06.12"]
[Round "2"]
[White "KUMARAPPAN, GANESH:K12-14920281"]
[Black "GRABINSKY, JOSHUA:K12-14729181"]
[Result "0-1"]
[ICCResult "White resigns"]
[WhiteElo "2001"]
[BlackElo "2315"]
[Opening "French: Tarrasch"]
[ECO "C03"]
[NIC "FR.14"]
[Time "14:00:13"]
[PlyCount "122"]
[TimeControl "2400+5"]

1. e4 e6 2. d4 d5 3. Nd2 a6 4. Ngf3 Nf6 5. Bd3 c5 6. e5 Nfd7 7. c3 Nc6 8.
O-O g5 9. g4 h5 10. h3 Be7 11. Kg2 Qb6 12. dxc5 Nxc5 13. Bc2 Qc7 14. Qe2 b6
15. Nb3 Ne4 16. Nbd2 Nxe5 17. Nxe5 Qxe5 18. Nxe4 dxe4 19. Bxe4 Bb7 20. Re1
Bxe4+ 21. Qxe4 Qxe4+ 22. Rxe4 O-O-O 23. Be3 Kb7 24. Re1 hxg4 25. hxg4 Rh4
26. Re2 Rhh8 27. Rd2 Rxd2 28. Bxd2 Rd8 29. Be3 b5 30. Re5 Rd7 31. Kf3 Bf6
32. Rc5 Be7 33. Re5 Bd8 34. Ke4 Rd6 35. Rc5 f6 36. f4 gxf4 37. Bxf4 Rd1 38.
Rh5 Kc6 39. Be3 Re1 40. Kd3 Rb1 41. Kc2 Rf1 42. Rh8 Bc7 43. Ra8 a5 44. g5
fxg5 45. Bxg5 Rf2+ 46. Kb1 e5 47. Ra6+ Kd5 48. Ra7 Rf5 49. Be3 Rf3 50. Bd2
Bb6 51. Rb7 Rf6 52. Kc2 e4 53. b4 a4 54. Kd1 e3 55. Bc1 Kc4 56. Kc2 Re6 57.
Rxb6 Rxb6 58. Bxe3 Re6 59. Bd4 Re2+ 60. Kb1 a3 61. Be5 Rxe5 { White resigns
} 0-1

[Event "ICC tourney 2606 (40 5)"]
[Site "Internet Chess Club"]
[Date "2021.06.12"]
[Round "2"]
[White "LADAN, NICHOLAS:K12-15092641"]
[Black "MCCOY, OWEN:K12-14447115"]
[Result "0-1"]
[ICCResult "White checkmated"]
[WhiteElo "2095"]
[BlackElo "2251"]
[Opening "King's Indian: fianchetto, Panno variation"]
[ECO "E63"]
[NIC "KI.71"]
[Time "14:00:14"]
[PlyCount "120"]
[TimeControl "2400+5"]

1. d4 Nf6 2. c4 g6 3. Nf3 Bg7 4. g3 O-O 5. Bg2 d6 6. O-O Nc6 7. Nc3 a6 8.
d5 Na5 9. Qd3 c5 10. Bd2 Bd7 11. b3 b5 12. e4 Ng4 13. Rae1 Qb6 14. h3 Ne5
15. Nxe5 dxe5 16. f4 bxc4 17. bxc4 Qb4 18. Nd1 Qxc4 19. Qa3 Nb7 20. fxe5
Bxe5 21. Bh6 Rfc8 22. Qf3 Nd6 23. Ne3 Qc3 24. Rc1 Qa3 25. Nf5 Qxf3 26.
Nxe7+ Kh8 27. Rxf3 Re8 28. Nc6 Bxc6 29. dxc6 Rac8 30. Rd3 Rxc6 31. Rd5 c4
32. Bd2 Kg7 33. Rxe5 Rxe5 34. Bc3 f6 35. Bxe5 fxe5 36. Kf2 Rb6 37. Rc2 Kf6
38. Ke3 g5 39. Kd2 h5 40. Kc3 Nb5+ 41. Kd2 Na3 42. Rc1 Rb2+ 43. Kc3 Rxg2
44. Kb4 Nc2+ 45. Kxc4 Nd4 46. Kd5 Rxg3 47. Rb1 Ne6 48. Rb6 Rd3+ 49. Kc6 a5
50. a4 g4 51. hxg4 hxg4 52. Rb2 Rd4 53. Kb5 Rb4+ 54. Rxb4 axb4 55. a5 b3
56. a6 b2 57. a7 b1=Q+ 58. Kc6 Nd8+ 59. Kd7 Qb7+ 60. Kd6 Qc6# { White
checkmated } 0-1

[Event "ICC tourney 2606 (40 5)"]
[Site "Internet Chess Club"]
[Date "2021.06.12"]
[Round "2"]
[White "MOOR, NATHANIEL PHILIP:K12-15012516"]
[Black "KOTHAPALLI, PRADHYUMNAKUMAR:K12-15273893"]
[Result "0-1"]
[ICCResult "White forfeits on time"]
[WhiteElo "2219"]
[BlackElo "2140"]
[Opening "Sicilian: Najdorf, Lipnitzky attack"]
[ECO "B90"]
[NIC "SI.13"]
[Time "14:00:54"]
[PlyCount "82"]
[TimeControl "2400+5"]

1. e4 c5 2. Nf3 d6 3. d4 cxd4 4. Nxd4 Nf6 5. Nc3 a6 6. Bc4 Nc6 7. O-O e5 8.
Nde2 Be7 9. f3 Qb6+ 10. Kh1 Be6 11. Nd5 Bxd5 12. Bxd5 Nb4 13. Bb3 O-O 14.
a3 Nc6 15. Qd3 Qc7 16. Be3 Na5 17. Rac1 Rac8 18. c4 Qd7 19. Ba2 Kh8 20. b4
Nc6 21. Rfd1 Qe6 22. Rc2 Nh5 23. g4 Qf6 24. gxh5 Qxf3+ 25. Kg1 f5 26. Nc3
f4 27. Bb6 Qxh5 28. b5 Nd4 29. Bxd4 exd4 30. Qxd4 f3 31. bxa6 Bf6 32. Qd3
Bxc3 33. axb7 Rb8 34. Rf1 Be5 35. c5 dxc5 36. h3 Qxh3 37. Qd5 Bd4+ 38. Qxd4
cxd4 39. Rff2 Rxb7 40. Rcd2 Qg3+ 41. Kf1 Rc7 { White forfeits on time } 0-1

[Event "ICC tourney 2606 (40 5)"]
[Site "Internet Chess Club"]
[Date "2021.06.12"]
[Round "2"]
[White "OSKIPER, CONSTANTINE:K12-14338863"]
[Black "TSAY, VINCENT:K12-15297685"]
[Result "1-0"]
[ICCResult "Black checkmated"]
[WhiteElo "1909"]
[BlackElo "2392"]
[Opening "Catalan: closed, 5.Nf3"]
[ECO "E06"]
[NIC "CA.05"]
[Time "14:00:31"]
[PlyCount "133"]
[TimeControl "2400+5"]

1. d4 d5 2. c4 e6 3. Nf3 Nf6 4. g3 Be7 5. Bg2 O-O 6. O-O dxc4 7. Ne5 Nc6 8.
Bxc6 bxc6 9. Nxc6 Qe8 10. Nxe7+ Qxe7 11. Qa4 e5 12. dxe5 Qxe5 13. Nc3 Ne4
14. Qxc4 Nxc3 15. bxc3 Be6 16. Qd3 Rfd8 17. Qe3 Qh5 18. h4 Re8 19. Re1 Bd5
20. Qd3 Be4 21. Qc4 Bd5 22. Qb5 Rab8 23. Qd3 Rbd8 24. Bf4 Bxa2 25. Qa6 Bd5
26. Bxc7 Rc8 27. Qb5 Qf5 28. Ra5 g6 29. Bd6 Be4 30. Qxf5 Bxf5 31. Be5 a6
32. f3 Rc6 33. e4 Be6 34. Kf2 Bc4 35. Ke3 Rd8 36. Rb1 h5 37. Rb7 f6 38. Bd4
Bb5 39. Ra2 Rf8 40. Rb2 Rf7 41. Rb6 Rxb6 42. Bxb6 Rd7 43. Bd4 Kf7 44. Kf4
Rc7 45. g4 hxg4 46. fxg4 Re7 47. e5 fxe5+ 48. Bxe5 Ke6 49. Bd4 Kf7 50. Rf2
Kg8 51. Kg5 Kh7 52. Rf8 Re8 53. Rf7+ Kg8 54. Rg7+ Kf8 55. Rxg6 a5 56. h5
Bd3 57. h6 Bxg6 58. Kxg6 Re6+ 59. Bf6 Rxf6+ 60. Kxf6 Kg8 61. g5 a4 62. g6
a3 63. h7+ Kh8 64. Kf7 a2 65. g7+ Kxh7 66. g8=Q+ Kh6 67. Qg6# { Black
checkmated } 1-0

[Event "ICC tourney 2606 (40 5)"]
[Site "Internet Chess Club"]
[Date "2021.06.12"]
[Round "2"]
[White "KUNG, THOMAS:K12-14583075"]
[Black "LANCMAN, KYLE B:K12-15146021"]
[Result "1/2-1/2"]
[ICCResult "Game drawn because neither player has mating material"]
[WhiteElo "2286"]
[BlackElo "1993"]
[Opening "Sicilian: accelerated fianchetto, Maróczy bind"]
[ECO "B36"]
[NIC "SI.33"]
[Time "14:00:06"]
[PlyCount "117"]
[TimeControl "2400+5"]

1. e4 c5 2. Nf3 g6 3. d4 cxd4 4. Nxd4 Nc6 5. c4 Nf6 6. Nc3 d6 7. Be2 Nxd4
8. Qxd4 Bg7 9. Be3 O-O 10. Qd2 Be6 11. f3 Qa5 12. Rc1 Rfc8 13. b3 a6 14.
Na4 Qxd2+ 15. Kxd2 Nd7 16. g4 f5 17. exf5 gxf5 18. Rhg1 fxg4 19. fxg4 Rf8
20. Rcf1 Rxf1 21. Rxf1 Ne5 22. h3 Rf8 23. Nb6 Rxf1 24. Bxf1 Nd7 25. Bg2
Nxb6 26. Bxb6 Bc8 27. g5 h6 28. g6 Bf6 29. a4 Kg7 30. Be4 e6 31. Ke2 d5 32.
cxd5 exd5 33. Bxd5 Kxg6 34. Kf3 Bc3 35. a5 Kg7 36. h4 h5 37. Bd8 Kf8 38.
Kf4 Ke8 39. Bb6 Bf6 40. Bf2 Ke7 41. Bf3 Bc3 42. Bc5+ Kf6 43. Bxh5 Bxa5 44.
Bd4+ Ke7 45. Bg6 Be6 46. Bc2 Bd2+ 47. Ke5 Bg4 48. Bc5+ Kf7 49. b4 b6 50.
Bd6 a5 51. b5 Be2 52. Ba4 Be1 53. Kd5 Bxh4 54. Kc6 Bf2 55. Bc7 Ke7 56. Bxb6
Bxb5+ 57. Kxb5 Bxb6 58. Kxb6 Kd6 59. Kxa5 { Game drawn because neither
player has mating material } 1/2-1/2

[Event "ICC tourney 2606 (40 5)"]
[Site "Internet Chess Club"]
[Date "2021.06.12"]
[Round "2"]
[White "BIRADAVOLU, ASRITH:K12-14190950"]
[Black "HUNG, DANIEL:K12-14504425"]
[Result "1/2-1/2"]
[ICCResult "Game drawn by mutual agreement"]
[WhiteElo "1490"]
[BlackElo "2185"]
[Opening "French: Swiss variation"]
[ECO "C11"]
[NIC "FR.04"]
[Time "14:00:55"]
[PlyCount "109"]
[TimeControl "2400+5"]

1. e4 e6 2. d4 d5 3. Nc3 Nf6 4. Bd3 c5 5. Nf3 Nc6 6. exd5 Nxd5 7. Nxd5 Qxd5
8. dxc5 Bxc5 9. O-O O-O 10. Qe2 Qh5 11. Qe4 f5 12. Qc4 Bb6 13. Bd2 Bd7 14.
Rfe1 Rac8 15. Qb3 Rce8 16. Bc3 Kh8 17. Re2 Bc8 18. Rae1 Bc7 19. h3 Re7 20.
Bc4 Rfe8 21. Bxe6 Qh6 22. Bc4 Rxe2 23. Rxe2 Rd8 24. Rd2 Re8 25. Re2 Rd8 26.
Qb5 a6 27. Qd5 Qg6 28. Qf7 Qxf7 29. Bxf7 b5 30. Re8+ Rxe8 31. Bxe8 Ne7 32.
Bf7 Bb7 33. Nd4 Bc8 34. Ne6 Bxe6 35. Bxe6 Bd6 36. Bd4 h6 37. g3 Kh7 38. f4
g5 39. fxg5 hxg5 40. Kf2 Kg6 41. a3 Nc6 42. Be3 Ne5 43. Bc8 a5 44. Ba6 Nc4
45. a4 Nxe3 46. Kxe3 bxa4 47. Kd3 Bxg3 48. Bb5 Bd6 49. Bxa4 g4 50. hxg4
fxg4 51. Bc6 Kg5 52. Bg2 Kf4 53. Ke2 Kg3 54. Be4 Kf4 55. Bh1 { Game drawn
by mutual agreement } 1/2-1/2

[Event "ICC tourney 2606 (40 5)"]
[Site "Internet Chess Club"]
[Date "2021.06.12"]
[Round "2"]
[White "YOO, EUGENE CHOI:K12-14862820"]
[Black "PULLABHOTLA, VENKATA:K12-15472194"]
[Result "1-0"]
[ICCResult "Black resigns"]
[WhiteElo "2191"]
[BlackElo "2094"]
[Opening "Queen's pawn game"]
[ECO "A46"]
[NIC "QP.06"]
[Time "14:00:46"]
[PlyCount "101"]
[TimeControl "2400+5"]

1. d4 Nf6 2. Nf3 e6 3. g3 d5 4. Bg2 b5 5. O-O Be7 6. c3 O-O 7. a4 b4 8.
cxb4 Bxb4 9. Qc2 Nbd7 10. Bf4 c5 11. Bd6 Re8 12. Bxc5 Nxc5 13. dxc5 Qc7 14.
Rc1 e5 15. Na3 a6 16. e3 Bg4 17. h3 Bh5 18. g4 Bg6 19. Qe2 Ne4 20. Nh4 Nxc5
21. Nxg6 hxg6 22. Bxd5 Rab8 23. Nc2 Qd6 24. Qc4 Ne6 25. Bxe6 Rxe6 26. Rd1
Qe7 27. Nxb4 Qxb4 28. Rd8+ Kh7 29. Qxb4 Rxb4 30. Ra2 Reb6 31. Ra8 Rxb2 32.
Rxb2 Rxb2 33. Rxa6 Ra2 34. h4 f6 35. Ra8 Ra3 36. Kg2 Ra1 37. Kh2 Rf1 38.
Kg2 Ra1 39. g5 Ra2 40. Ra7 Kg8 41. Kg3 Ra1 42. Kg2 Ra2 43. Kf3 Ra1 44. a5
Rh1 45. Rb7 Rxh4 46. a6 Ra4 47. a7 Kh7 48. gxf6 Kh6 49. fxg7 Kh7 50. g8=Q+
Kxg8 51. Rb8+ { Black resigns } 1-0

[Event "ICC tourney 2606 (40 5)"]
[Site "Internet Chess Club"]
[Date "2021.06.12"]
[Round "2"]
[White "SU, KENNETH:K12-15191452"]
[Black "CLASBY, DEREK:K12-15194211"]
[Result "0-1"]
[ICCResult "White resigns"]
[WhiteElo "2160"]
[BlackElo "2286"]
[Opening "Giuoco Piano"]
[ECO "C50"]
[NIC "IG.02"]
[Time "14:00:34"]
[PlyCount "158"]
[TimeControl "2400+5"]

1. e4 e5 2. Nf3 Nc6 3. Bc4 Bc5 4. Qe2 d6 5. c3 Nf6 6. d3 a6 7. Bb3 Be6 8.
Bc2 h6 9. h3 g5 10. Nbd2 Ba7 11. Nf1 Ne7 12. g4 Ng6 13. Ng3 Nf4 14. Bxf4
gxf4 15. Nf5 Bxf5 16. gxf5 Qe7 17. O-O-O O-O-O 18. d4 c6 19. Rhe1 Rhg8 20.
Qc4 Kb8 21. Bd3 Ka8 22. Qa4 Qc7 23. Re2 Rge8 24. Nh2 h5 25. Nf3 Re7 26.
Bxa6 bxa6 27. dxe5 Ne8 28. Qxa6 Qb6 29. Qa4 Qb5 30. Qxb5 cxb5 31. Red2 Bb8
32. Ng5 f6 33. Ne6 Rxe6 34. fxe6 fxe5 35. Rd5 Kb7 36. Rxe5 Kc6 37. Rxh5 Nf6
38. Rf5 Nxe4 39. Rxf4 Nc5 40. Rf6 Re8 41. b4 Ne4 42. Rg6 Nxc3 43. Re1 Nxa2+
44. Kb2 Nxb4 45. Kb3 Nd3 46. Re3 Ne5 47. Rg1 Ba7 48. Rc1+ Kd5 49. Re2 Nf3
50. Rd1+ Nd4+ 51. Kb2 Rxe6 52. Rxe6 Kxe6 53. Kc3 Nf5 54. f3 Bc5 55. Re1+
Kf6 56. Re8 b4+ 57. Kc4 Ne3+ 58. Kd3 Nd5 59. Kc4 Ne3+ 60. Kd3 Nf5 61. Kc4
Kg5 62. Re4 Ne3+ 63. Kd3 Nd5 64. Kc4 Nf4 65. Re8 Nxh3 66. Rg8+ Kf4 67. Rf8+
Kg3 68. Rf7 Nf4 69. Rb7 Kxf3 70. Rb8 Ke4 71. Rb7 Ne6 72. Kb3 Kd5 73. Rh7
Nd4+ 74. Kb2 Kc4 75. Rh3 Nb5 76. Rh6 d5 77. Rh4+ Bd4+ 78. Kc2 b3+ 79. Kb1
Na3+ { White resigns } 0-1

[Event "ICC tourney 2606 (40 5)"]
[Site "Internet Chess Club"]
[Date "2021.06.12"]
[Round "3"]
[White "LANCMAN, KYLE B:K12-15146021"]
[Black "LEVKOV, DANIEL:K12-14218690"]
[Result "1-0"]
[ICCResult "Black resigns"]
[WhiteElo "1993"]
[BlackElo "2159"]
[Opening "Sicilian: Prins (Moscow) variation"]
[ECO "B55"]
[NIC "SI.01"]
[Time "17:00:05"]
[PlyCount "31"]
[TimeControl "2400+5"]

1. e4 c5 2. Nf3 d6 3. d4 cxd4 4. Nxd4 Nf6 5. f3 g6 6. c4 Bg7 7. Nc3 Nc6 8.
Be3 O-O 9. Be2 Qb6 10. Qd2 Nxd4 11. Bxd4 Qc7 12. Bxf6 Bxf6 13. Nd5 Qc5 14.
Rd1 Rd8 15. e5 Bxe5 16. b4 { Black resigns } 1-0

[Event "ICC tourney 2606 (40 5)"]
[Site "Internet Chess Club"]
[Date "2021.06.12"]
[Round "3"]
[White "NATHAN,  KAPIL:K12-15120535"]
[Black "HUNG, DANIEL:K12-14504425"]
[Result "0-1"]
[ICCResult "White resigns"]
[WhiteElo "1394"]
[BlackElo "2185"]
[Opening "French: Steinitz, Boleslavsky variation"]
[ECO "C11"]
[NIC "FR.04"]
[Time "17:00:17"]
[PlyCount "76"]
[TimeControl "2400+5"]

1. e4 e6 2. d4 d5 3. Nc3 Nf6 4. e5 Nfd7 5. f4 c5 6. Nf3 Nc6 7. Be3 Be7 8.
Bb5 O-O 9. O-O a6 10. Bxc6 bxc6 11. dxc5 Nxc5 12. Nd4 Bd7 13. Qg4 f5 14.
exf6 Rxf6 15. f5 e5 16. Nb3 Nxb3 17. axb3 d4 18. Ne4 dxe3 19. Nxf6+ Bxf6
20. Qc4+ Kh8 21. Rxa6 Rxa6 22. Qxa6 Be8 23. Qe2 Qd2 24. Qxd2 exd2 25. Rd1
Bg5 26. h3 g6 27. f6 Kg8 28. h4 Bh6 29. g4 Bf4 30. Kf2 Kf7 31. g5 Bd7 32.
Kf3 Bf5 33. Kf2 Bxc2 34. Ke2 Bxd1+ 35. Kxd1 Bg3 36. Kxd2 Bxh4 37. Kd3 Bxg5
38. Ke4 Bxf6 { White resigns } 0-1

[Event "ICC tourney 2606 (40 5)"]
[Site "Internet Chess Club"]
[Date "2021.06.12"]
[Round "3"]
[White "CHASIN, NICO WERNER:K12-14955471"]
[Black "WANG, JUSTIN:K12-14930904"]
[Result "0-1"]
[ICCResult "White resigns"]
[WhiteElo "2389"]
[BlackElo "2540"]
[Opening "Queen's Indian: Nimzovich variation (exaggerated fianchetto)"]
[ECO "E15"]
[NIC "QI.05"]
[Time "17:00:45"]
[PlyCount "58"]
[TimeControl "2400+5"]

1. d4 Nf6 2. c4 e6 3. Nf3 b6 4. g3 Ba6 5. Qc2 c5 6. Bg2 Bb7 7. O-O cxd4 8.
Nxd4 Bxg2 9. Kxg2 Qc8 10. b3 Be7 11. Bb2 O-O 12. Nc3 Qb7+ 13. Kg1 a6 14.
Rad1 Rc8 15. Qb1 Bb4 16. Rd3 Nc6 17. Nf3 b5 18. cxb5 axb5 19. e4 Ne7 20. e5
Bxc3 21. Bxc3 Nfd5 22. Bd2 Qa6 23. Rd4 Qxa2 24. Qd3 Qc2 25. Qxb5 Nc6 26.
Rd3 Rab8 27. Qc4 Nxe5 28. Nxe5 Rxc4 29. bxc4 d6 { White resigns } 0-1

[Event "ICC tourney 2606 (40 5)"]
[Site "Internet Chess Club"]
[Date "2021.06.12"]
[Round "3"]
[White "GRABINSKY, JOSHUA:K12-14729181"]
[Black "LU, MAXIMILLIAN:K12-14732597"]
[Result "1-0"]
[ICCResult "Black resigns"]
[WhiteElo "2315"]
[BlackElo "2430"]
[Opening "Alekhine's defense"]
[ECO "B02"]
[NIC "AL.10"]
[Time "17:01:00"]
[PlyCount "69"]
[TimeControl "2400+5"]

1. e4 Nf6 2. e5 Nd5 3. c4 Nb6 4. a4 a5 5. d4 d6 6. exd6 exd6 7. Nf3 Be7 8.
Bd3 O-O 9. Be3 Na6 10. Nbd2 Nb4 11. Bb1 Bg4 12. O-O Qd7 13. Re1 Rfe8 14.
Ra3 Bf6 15. h3 Bxf3 16. Qxf3 Bxd4 17. Bf5 Qd8 18. Ne4 Bxe3 19. Raxe3 Re5
20. Bxh7+ Kxh7 21. Qxf7 Nc2 22. Rg3 Qf8 23. Qg6+ Kh8 24. Ng5 Rxg5 25. Rxg5
Nxe1 26. Rh5+ Kg8 27. Qh7+ Kf7 28. Rf5+ Ke7 29. Rxf8 Kxf8 30. Qf5+ Kg8 31.
Qe6+ Kh8 32. Qxe1 Nxc4 33. Qe4 Ne5 34. Qxb7 Re8 35. Qxc7 { Black resigns }
1-0

[Event "ICC tourney 2606 (40 5)"]
[Site "Internet Chess Club"]
[Date "2021.06.12"]
[Round "3"]
[White "KOTHAPALLI, PRADHYUMNAKUMAR:K12-15273893"]
[Black "YOO, EUGENE CHOI:K12-14862820"]
[Result "0-1"]
[ICCResult "White checkmated"]
[WhiteElo "2140"]
[BlackElo "2191"]
[Opening "Sicilian: Nimzovich-Rossolimo attack (with ...g6, without ...d6)"]
[ECO "B31"]
[NIC "SI.31"]
[Time "17:01:18"]
[PlyCount "86"]
[TimeControl "2400+5"]

1. e4 c5 2. Nf3 Nc6 3. Bb5 g6 4. O-O Bg7 5. c3 Nf6 6. Re1 O-O 7. d4 cxd4 8.
cxd4 d5 9. e5 Ne4 10. Nbd2 Qb6 11. Bxc6 Qxc6 12. Qe2 Bf5 13. Nh4 Be6 14.
Nb3 a5 15. f3 a4 16. Nd2 Nxd2 17. Bxd2 Qb6 18. Qd3 Rfc8 19. Bc3 a3 20. b3
g5 21. g3 gxh4 22. gxh4 Qc6 23. Rac1 Qd7 24. Kh1 Bh6 25. f4 Bf5 26. Qe3 Kh8
27. Kg1 Rg8+ 28. Kf2 Rg4 29. Rg1 Bxf4 30. Qf3 Bxc1 31. Rxc1 Be4 32. Qxf7
Qf5+ 33. Qxf5 Bxf5 34. Bb4 Rc8 35. Rf1 Rf4+ 36. Ke3 Rxf1 37. Bxe7 Rc3+ 38.
Ke2 Rh1 39. Bf6+ Kg8 40. Bg5 Rxh2+ 41. Kd1 Rg3 42. Be3 Rxe3 43. Kc1 Re1# {
White checkmated } 0-1

[Event "ICC tourney 2606 (40 5)"]
[Site "Internet Chess Club"]
[Date "2021.06.12"]
[Round "3"]
[White "TSAY, VINCENT:K12-15297685"]
[Black "RAPARTHI, ANKIT:K12-14686010"]
[Result "1-0"]
[ICCResult "Black checkmated"]
[WhiteElo "2392"]
[BlackElo "2033"]
[Opening "Dutch: Leningrad, main variation with Nc6"]
[ECO "A89"]
[NIC "HD.06"]
[Time "17:00:28"]
[PlyCount "49"]
[TimeControl "2400+5"]

1. d4 f5 2. Nf3 Nf6 3. g3 g6 4. Bg2 Bg7 5. O-O O-O 6. c4 d6 7. Nc3 Nc6 8.
d5 Ne5 9. Nxe5 dxe5 10. c5 Kh8 11. Qb3 e4 12. Rd1 e6 13. d6 cxd6 14. cxd6
Qd7 15. Bg5 b6 16. Bxf6 Bxf6 17. Nb5 Rb8 18. Nc7 Be5 19. e3 Rd8 20. Bf1
Bxd6 21. Nb5 Qe7 22. Nxd6 Rxd6 23. Qa3 Rxd1 24. Qxe7 Rxa1 25. Qf8# { Black
checkmated } 1-0

[Event "ICC tourney 2606 (40 5)"]
[Site "Internet Chess Club"]
[Date "2021.06.12"]
[Round "3"]
[White "BIRADAVOLU, ASRITH:K12-14190950"]
[Black "DHAR, SUMIT:K12-15188271"]
[Result "0-1"]
[ICCResult "White resigns"]
[WhiteElo "1490"]
[BlackElo "2181"]
[Opening "Sicilian"]
[ECO "B50"]
[NIC "SI.01"]
[Time "17:00:51"]
[PlyCount "76"]
[TimeControl "2400+5"]

1. e4 c5 2. Nf3 d6 3. c3 Nf6 4. Qc2 Qc7 5. Bb5+ Nbd7 6. O-O e6 7. d4 cxd4
8. Nxd4 Be7 9. Be3 O-O 10. Nd2 Ng4 11. Bf4 Bf6 12. N4f3 a6 13. Be2 b5 14.
h3 Nge5 15. Bh2 Ng6 16. Rac1 Bb7 17. Nd4 Rac8 18. Qd3 Nc5 19. Qg3 e5 20.
Qe3 Na4 21. N4b3 Nxb2 22. Rc2 Na4 23. Rfc1 Nc5 24. c4 b4 25. Nxc5 dxc5 26.
Nb3 a5 27. Bg4 a4 28. Bxc8 axb3 29. Bxb7 bxc2 30. Bd5 Rb8 31. Rxc2 Qa5 32.
g4 h6 33. Rb2 b3 34. Qe2 bxa2 35. Rxa2 Rb1+ 36. Kg2 Nh4+ 37. Kg3 Rb3+ 38.
f3 Rxf3+ { White resigns } 0-1

[Event "ICC tourney 2606 (40 5)"]
[Site "Internet Chess Club"]
[Date "2021.06.12"]
[Round "3"]
[White "KUNG, THOMAS:K12-14583075"]
[Black "OSKIPER, CONSTANTINE:K12-14338863"]
[Result "0-1"]
[ICCResult "White resigns"]
[WhiteElo "2286"]
[BlackElo "1909"]
[Opening "French: Tarrasch, closed variation, main line"]
[ECO "C06"]
[NIC "FR.17"]
[Time "17:01:00"]
[PlyCount "74"]
[TimeControl "2400+5"]

1. e4 e6 2. d4 d5 3. Nd2 Nf6 4. e5 Nfd7 5. Bd3 c5 6. c3 Nc6 7. Ne2 cxd4 8.
cxd4 f6 9. exf6 Nxf6 10. Nf3 Bd6 11. O-O O-O 12. Bf4 Bxf4 13. Nxf4 Ne4 14.
Qc1 Ng5 15. Nxg5 Qxg5 16. Ne2 Qf6 17. Qe3 Bd7 18. Bb5 Rae8 19. Rae1 e5 20.
Bxc6 Bxc6 21. Qd3 a6 22. dxe5 Rxe5 23. f4 Re4 24. Rd1 Qxb2 25. Nc3 Rexf4
26. Rxf4 Rxf4 27. Nxd5 Qf2+ 28. Kh1 Rf7 29. h3 Qxa2 30. Qe4 Qa4 31. Ne7+
Rxe7 32. Rd8+ Re8 33. Qe6+ Kh8 34. Qe7 Rxd8 35. Qxd8+ Be8 36. Qe7 h6 37.
Qxb7 Qc6 { White resigns } 0-1

[Event "ICC tourney 2606 (40 5)"]
[Site "Internet Chess Club"]
[Date "2021.06.12"]
[Round "3"]
[White "GUNDAM, ROHIT:K12-14908373"]
[Black "ORUGANTI, SURAJ:K12-15521792"]
[Result "0-1"]
[ICCResult "White resigns"]
[WhiteElo "2190"]
[BlackElo "1771"]
[Opening "QGD: Ragozin variation"]
[ECO "D38"]
[NIC "NI.27"]
[Time "17:00:34"]
[PlyCount "41"]
[TimeControl "2400+5"]

1. d4 d5 2. Nf3 Nf6 3. c4 e6 4. Nc3 Bb4 5. Qa4+ Nc6 6. Bg5 h6 7. Bh4 g5 8.
Bg3 Bd7 9. Qd1 Ne4 10. Rc1 Bxc3+ 11. bxc3 Qe7 12. Bxc7 Rc8 13. Bg3 Qa3 14.
e3 Nxc3 15. Qd2 Nxa2 16. Rb1 Ncb4 17. Ne5 Nc3 18. Rc1 Ne4 19. Qd1 Ba4 20.
Ra1 Nc2+ 21. Ke2 { White resigns } 0-1

[Event "ICC tourney 2606 (40 5)"]
[Site "Internet Chess Club"]
[Date "2021.06.12"]
[Round "3"]
[White "ZHANG, ERIC M:K12-14668426"]
[Black "LADAN, NICHOLAS:K12-15092641"]
[Result "1/2-1/2"]
[ICCResult "Game drawn by mutual agreement"]
[WhiteElo "2204"]
[BlackElo "2095"]
[Opening "QGD Slav: Dutch variation"]
[ECO "D18"]
[NIC "SL.04"]
[Time "17:00:06"]
[PlyCount "74"]
[TimeControl "2400+5"]

1. d4 d5 2. c4 c6 3. Nc3 dxc4 4. a4 Nf6 5. Nf3 Bf5 6. e3 e6 7. Bxc4 Be7 8.
O-O O-O 9. Qe2 c5 10. Rd1 Qc8 11. h3 Nc6 12. e4 Bg6 13. d5 Nd4 14. Nxd4
cxd4 15. Rxd4 Bc5 16. Rd1 Bh5 17. g4 exd5 18. Bxd5 Bg6 19. Be3 h5 20. g5
Nxd5 21. Nxd5 Bd6 22. e5 Qxh3 23. Nf4 Qh4 24. Nxg6 fxg6 25. exd6 Rae8 26.
Ra3 Rf4 27. Bxf4 Rxe2 28. Bg3 Qe4 29. Raa1 h4 30. d7 hxg3 31. d8=Q+ Kh7 32.
Qd6 gxf2+ 33. Kf1 Rc2 34. Qh2+ Kg8 35. Qb8+ Kh7 36. Qh2+ Kg8 37. Qb8+ Kh7 {
Game drawn by mutual agreement } 1/2-1/2

[Event "ICC tourney 2606 (40 5)"]
[Site "Internet Chess Club"]
[Date "2021.06.12"]
[Round "3"]
[White "CHEN, BENJAMINLJ:K12-14811886"]
[Black "KUMARAPPAN, GANESH:K12-14920281"]
[Result "0-1"]
[ICCResult "White resigns"]
[WhiteElo "2192"]
[BlackElo "2001"]
[Opening "King's Indian: 4.e4"]
[ECO "E70"]
[NIC "KI.31"]
[Time "17:01:00"]
[PlyCount "66"]
[TimeControl "2400+5"]

1. d4 Nf6 2. c4 g6 3. Nc3 Bg7 4. e4 d6 5. Bd3 O-O 6. Nge2 e5 7. d5 Nbd7 8.
O-O a5 9. f3 Ne8 10. Be3 f5 11. exf5 gxf5 12. a3 Nc5 13. Bc2 Qh4 14. f4 Bd7
15. Bf2 Qh6 16. b4 axb4 17. axb4 Rxa1 18. Qxa1 Ne4 19. Nxe4 fxe4 20. Bxe4
Nf6 21. Bc2 Ng4 22. h3 Nxf2 23. Rxf2 exf4 24. Qa3 Be5 25. Be4 Qh4 26. Qd3
Rf7 27. Kf1 b6 28. Nd4 Bxd4 29. Qxd4 f3 30. gxf3 Bxh3+ 31. Ke2 Qg3 32. Qd2
Re7 33. Kd3 Rxe4 { White resigns } 0-1